 Dungeon Crawl Stone Soup version 0.23.1-42-g8abd8fc (console) character file.

Game seed: 16941311087597521215

585 jt the Slasher (level 7, -4/46 HPs)
             Began as an Octopode Fighter on Mar 30, 2019.
             Was a Follower of Uskayaw.
             Slain by an ogre
             ... wielding a +0 giant spiked club
              (35 damage)
             ... on level 5 of the Dungeon.
             The game lasted 00:10:16 (4298 turns).

jt the Slasher (Octopode Fighter)                   Turns: 4298, Time: 00:10:17

Health: -4/46      AC:  1    Str: 16    XL:     7   Next: 37%
Magic:  7/7        EV: 12    Int: 11    God:    Uskayaw [*.....]
Gold:   197        SH:  9    Dex: 12    Spells: 6/6 levels left

rFire    . . .     SeeInvis .   a - +1 long sword
rCold    . . .     Gourm    .   b - +0 shield
rNeg     . . .     Faith    .   (helmet restricted)
rPois    .         Spirit   .   (no amulet)
rElec    .         Reflect  .   (no ring)
rCorr    .         Harm     .   (no ring)
MR       .....                  (no ring)
Stlth    ++........             (no ring)
HPRegen  0.15/turn              (no ring)
MPRegen  0.10/turn              (no ring)
                                (no ring)
                                (no ring)

@: no status effects
A: almost no armour, stealthy swim, amphibious, 8 rings, constrict 8, camouflage
1, wild magic 1, gelatinous body 1
a: Stomp, Renounce Religion


You were on level 5 of the Dungeon.
You worshipped Uskayaw.
Uskayaw was noncommittal.
You were not hungry.

You visited 1 branch of the dungeon, and saw 5 of its levels.

You collected 197 gold pieces.

Inventory:

Hand Weapons
 a - a +1 long sword (weapon)
 s - a +2 hunting sling of freezing
Missiles
 e - 48 arrows
 i - 86 sling bullets
 k - 113 stones
 v - a throwing net
 x - 3 tomahawks of dispersal
 y - 8 tomahawks (quivered)
Armour
 b - a +0 shield (worn)
Magical Staves
 r - an uncursed staff of fire {unknown}
Jewellery
 m - an uncursed ring of teleportation
Scrolls
 f - 4 scrolls of identify
 h - 2 scrolls of blinking
 n - 2 scrolls of remove curse
 u - 2 scrolls of teleportation
Potions
 c - 2 potions of might
 o - 2 potions of mutation
 q - 2 potions of haste
 t - a potion of curing
Comestibles
 d - 8 rations


   Skills:
 - Level 3.0 Fighting
 * Level 6.6 Long Blades
 - Level 3.0 Dodging
 + Level 5.3 Shields


You had 6 spell levels left.
You didn't know any spells.
Your spell library was empty.

Dungeon Overview and Level Annotations

Branches:
Dungeon (5/15)
 Temple: D:4-7

Altars:
Trog
Uskayaw
Xom

Annotations:
D:4 exclusion: ogre


Innate Abilities, Weirdness & Mutations

You cannot wear most types of armour.
You are very stealthy in the water. (Stealth+)
You are amphibious.
You can wear up to eight rings at the same time.
You can use your tentacles to constrict eight enemies at once.
Your skin changes colour to match your surroundings (Stealth+).
Your rubbery body absorbs attacks. (AC +1, EV +1)
Your spells are a little harder to cast, but a little more powerful.


Message History

The ogre shouts!
Throwing (i - inventory. (/) - cycle)
y - 10 tomahawks (quivered)
Press: ? - help, Shift-Dir - straight line, f - ogre
Aim: an ogre, wielding a +0 giant spiked club You throw a tomahawk.
The tomahawk hits the ogre.
The ogre is lightly wounded.
Throwing (i - inventory. (/) - cycle)
y - 9 tomahawks (quivered)
Press: ? - help, Shift-Dir - straight line, f/p - ogre
Aim: an ogre, wielding a +0 giant spiked club (lightly wounded)
You throw a tomahawk.
The tomahawk hits the ogre but does no damage.
The ogre is lightly wounded.
You hit the ogre. You squeeze the ogre, but do no damage.
The ogre is moderately wounded.
The ogre hits you with a +0 giant spiked club!
You closely miss the ogre. You squeeze the ogre.
The ogre is moderately wounded.
The ogre hits you with a +0 giant spiked club!!
Ouch! That really hurt!
You die...

*,*,* *,,,,,***** ###
*,#,***##****,***,*,,,,
######.## *,#.##,..,,,,,*
*,*,***
........###,*.#.,.#####**
*,*,*
####......#,*,(.#..,..#
*,*,*
..........#,***(..**#.#
*,*,* ####......#,* *#.#*
#.# *,*,* ##....##,* #O#
##.## *,*,*
##.#.#*,*###@###...####.#,*
#.#.#*,##...............,*
#.#.##.......##.).####.***
#.#.#####.######.## *,*
**,#.#####.######.# *,*
*,,#..............# *,*****
*,*#.#####.######## *,,,,,,
*,*##......# *******
***8########


You could see an ogre.

Vanquished Creatures
  3 scorpions
  A howler monkey (D:4)
  A crimson imp (D:5)
  2 hounds
  An orc priest (D:4)
  3 worker ants
  An orc wizard (D:4)
  A worker ant zombie (D:5)
  6 adders
  An ooze (D:4)
  An adder zombie (D:5)
  A dart slug (D:1)
  6 leopard geckos
  11 orcs
  6 giant cockroaches
  11 goblins
  6 hobgoblins
  9 jackals
  3 quokkas
  11 bats
  5 frilled lizards
  6 kobolds
  8 rats
104 creatures vanquished.

Notes
Turn   | Place    | Note
-------+----------+-------------------------------------------
     0 | D:1      | jt the Octopode Fighter began the quest for the Orb.
     0 | D:1      | Reached XP level 1. HP: 16/16 MP: 1/1
   188 | D:1      | Reached XP level 2. HP: 20/21 MP: 2/2
   384 | D:1      | Reached skill level 3 in Long Blades
   384 | D:1      | Reached XP level 3. HP: 22/26 MP: 3/3
   991 | D:2      | Found a hide-covered altar of Uskayaw.
   998 | D:2      | Became a worshipper of Uskayaw the Reveler
  1127 | D:2      | Reached * piety under Uskayaw
  1228 | D:2      | Reached ** piety under Uskayaw
  1506 | D:3      | Reached XP level 4. HP: 31/31 MP: 4/4
  1722 | D:3      | Reached skill level 4 in Long Blades
  1842 | D:4      | Noticed an ogre
  2134 | D:3      | Reached XP level 5. HP: 34/36 MP: 5/5
  2144 | D:3      | Gained mutation: Your mind is acute. (Int +2) [potion of
                  | mutation]
  2144 | D:3      | Lost mutation: Your mind is acute. (Int +2) [potion of
                  | mutation]
  2144 | D:3      | Gained mutation: Your spells are a little harder to cast,
                  | but a little more powerful. [potion of mutation]
  2751 | D:4      | Reached *** piety under Uskayaw
  2753 | D:4      | Reached skill level 5 in Long Blades
  2845 | D:4      | Reached XP level 6. HP: 42/42 MP: 6/6
  3721 | D:5      | Entered Level 5 of the Dungeon
  3725 | D:5      | Found a shimmering altar of Xom.
  3791 | D:5      | Reached skill level 6 in Long Blades
  3791 | D:5      | Reached XP level 7. HP: 30/46 MP: 7/7
  4005 | D:5      | Found a bloodstained altar of Trog.
  4021 | D:5      | Reached skill level 5 in Shields
  4298 | D:5      | Slain by an ogre

Skill      XL: |  1  2  3  4  5  6  7 |
---------------+----------------------+-----
Long Blades    | 3 4 5 6 |  6.6
Shields        | 4 5 |  5.3
Fighting       | |  3.0
Dodging        | |  3.0

Action                   |  1- 3 |  4- 6 |  7- 9 || total
-------------------------+-------+-------+-------++-------
Melee: Long sword        |    73 |    87 |    33 ||   193
       Constrict         |    23 |    26 |     8 ||    57
       Tentacles         |     6 |    21 |     9 ||    36
Throw: Stone             |     1 |       |       ||     1
       Tomahawk          |       |    30 |     2 ||    32
Invok: Line Pass         |       |     1 |       ||     1
  Use: Potion            |     1 |     3 |       ||     4
       Scroll            |       |    11 |       ||    11
 Stab: Sleeping          |    11 |     5 |       ||    16
       Paralysed         |       |     2 |       ||     2
       Distracted        |       |       |     1 ||     1
  Eat: Chunk             |     2 |     5 |     1 ||     8
       Ration            |       |     1 |       ||     1
Armor: Skin              |     7 |     5 |     1 ||    13
Dodge: Dodged            |    28 |    35 |     7 ||    70
Block: Shield            |    24 |    39 |    13 ||    76
       Rpst.: Long sword |    12 |    10 |     4 ||    26
